 Dungeon Crawl Stone Soup version 0.25-a0-1136-gc1285e62ab (webtiles) character file.

Game seed: 16300829179058463738, levelgen mode: deterministic

16676 Glundar the Thaumaturge (level 12, -3/91 HPs)
             Began as a Gnoll Wizard on May 22, 2020.
             Was an Elder of Sif Muna.
             Killed from afar by an ice statue (11 damage)
             ... with a freezing blast
             ... in an ice cave on May 23, 2020.
             The game lasted 03:36:36 (26219 turns).

Glundar the Thaumaturge (Gnoll Wizard)             Turns: 26219, Time: 03:36:39

Health: -3/91      AC: 11    Str: 12    XL:     12   Next: 40%
Magic:  2/35       EV: 16    Int: 24    God:    Sif Muna [****..]
Gold:   692        SH:  5    Dex: 13    Spells: 3/31 levels left

rFire    . . .     SeeInvis .   b - staff of poison
rCold    . . .     Gourm    .   (no shield)
rNeg     . . .     Faith    .   G - +2 troll leather armour {Snorg}
rPois    +         Spirit   .   k - +0 hat
rElec    .         Reflect  +   y - +0 cloak
rCorr    .         Harm     .   h - +0 pair of gloves
MR       .....                  X - +0 pair of boots
Stlth    ++++......             Q - amulet of reflection
HPRegen  0.65/turn              Z - +4 ring of slaying
MPRegen  0.24/turn              B - ring of magical power

@: very slightly contaminated, invisible
A: distributed training, fangs 1, strong nose
a: Channel Magic, Forget Spell, Divine Exegesis, Renounce Religion


You were in an ice cave.
You worshipped Sif Muna.
Sif Muna was greatly pleased with you.
You were not hungry.

You visited 3 branches of the dungeon, and saw 16 of its levels.
You also visited: Ice Cave.

You collected 692 gold pieces.

Inventory:

Hand Weapons
 a - a +3 hunting sling
 j - a +1 dagger of venom
Missiles
 F - 111 sling bullets
Armour
 h - a +0 pair of gloves (worn)
 k - a +0 hat (worn)
 t - a +2 robe of positive energy
 y - a +0 cloak (worn)
 G - a +2 troll leather armour (worn) {Snorg}
 X - a +0 pair of boots (worn)
Magical Staves
 b - an uncursed staff of poison (weapon)
 n - an uncursed staff of conjuration
 R - an uncursed staff of cold
Jewellery
 i - a +4 ring of protection
 w - a +4 ring of evasion
 B - a ring of magical power (right hand)
 H - an uncursed ring of protection from magic
 M - an uncursed ring of positive energy
 Q - an amulet of reflection (around neck)
 U - an uncursed ring of fire
 Z - a +4 ring of slaying (left hand)
Wands
 u - a wand of acid (9)
 N - a wand of flame (24)
 O - a wand of polymorph (9)
 S - a wand of disintegration (15)
Scrolls
 g - 10 scrolls of remove curse
 o - a scroll of blinking
 p - 2 scrolls of fog
 q - a scroll of immolation
 r - 6 scrolls of enchant weapon
 v - 2 scrolls of enchant armour
 x - 2 scrolls of fear {unknown}
 z - a scroll of magic mapping
 C - 3 scrolls of amnesia
 K - 2 scrolls of teleportation
 P - a scroll of noise {unknown}
 T - a scroll of random uselessness {unknown}
 W - a scroll of summoning {unknown}
 Y - a scroll of vulnerability {unknown}
Potions
 e - 4 potions of curing
 f - 2 potions of flight
 l - 5 potions of haste
 m - 2 potions of heal wounds
 s - a potion of invisibility
 A - 2 potions of berserk rage
 D - a potion of mutation
 E - a potion of magic
 I - 2 potions of resistance
 J - a potion of ambrosia
 L - 2 potions of lignification
 V - a potion of cancellation
Comestibles
 d - 25 rations


   Skills:
 + Level 7.1 Fighting
 + Level 7.1 Short Blades
 + Level 7.1 Long Blades
 + Level 7.1 Axes
 + Level 7.1 Maces & Flails
 + Level 7.1 Polearms
 + Level 7.1 Staves
 + Level 7.1 Slings
 + Level 7.1 Bows
 + Level 7.1 Crossbows
 + Level 7.1 Throwing
 + Level 7.1 Armour
 + Level 8.5 Dodging
 + Level 8.3 Stealth
 + Level 7.1 Shields
 + Level 7.1 Unarmed Combat
 + Level 10.1 Spellcasting
 + Level 6.3 Conjurations
 + Level 5.9 Hexes
 + Level 5.9 Charms
 + Level 6.3 Summonings
 + Level 5.9 Necromancy
 + Level 6.3 Translocations
 + Level 5.9 Transmutations
 + Level 5.9 Fire Magic
 + Level 5.9 Ice Magic
 + Level 5.9 Air Magic
 + Level 5.9 Earth Magic
 + Level 5.9 Poison Magic
 + Level 7.8 Invocations
 + Level 7.1 Evocations


You had 3 spell levels left.
You knew the following spells:

 Your Spells              Type           Power        Failure   Level  Hunger
a - Magic Dart            Conj           ####         1%          1    None
b - Blink                 Tloc           N/A          1%          2    None
c - Call Imp              Summ           #####...     1%          2    None
d - Slow                  Hex            #####...     1%          2    None
e - Mephitic Cloud        Conj/Pois/Air  ######..     1%          3    None
f - Corona                Hex            #####..      1%          1    None
g - Portal Projectile     Hex/Tloc       #####.       1%          3    None
h - Poisonous Vapours     Pois/Air       ######       1%          2    None
i - Ignite Poison         Fire/Tmut/Pois ######..     1%          3    None
j - Sting                 Tmut/Pois      ####         1%          1    None
k - Olgreb's Toxic Radia  Pois           ######..     5%          4    #......
l - Cause Fear            Hex            #####.....   5%          4    #......

Your spell library contained the following spells:

 Spells                   Type           Power        Failure   Level  Hunger
 Beastly Appendage        Tmut           #####.       1%          1    None
 Sticks to Snakes         Tmut           #####...     1%          2    None
 Conjure Flame            Conj/Fire      #####...     1%          3    None
 Inner Flame              Hex/Fire       #####...     1%          3    None
 Spider Form              Tmut/Pois      ######....   1%          3    None
 Ice Form                 Ice/Tmut       #####...     5%          4    #......
 Leda's Liquefaction      Hex/Erth       #####.....   5%          4    #......
 Irradiate                Conj/Tmut      #####.....   14%         5    ####...
 Blade Hands              Tmut           #####.....   16%         5    ####...
 Hydra Form               Tmut           #####.....   65%         6    ######.
 Statue Form              Tmut/Erth      #####....    65%         6    ######.
 Dragon Form              Tmut           #####.....   99%         7    #######


Dungeon Overview and Level Annotations

Branches:
Dungeon (13/15)            Temple (1/1) D:5            Lair (2/6) D:8
    Orc (0/2) D:11          IceCv (1/1)
  Swamp: Lair:2-4    Shoals: Lair:2-4     Snake: Lair:2-4    Spider: Lair:2-4
 Vaults: D:13-14

Altars:
Ashenzari
Cheibriados
Dithmenos
Elyvilon
Fedhas
Gozag
Hepliaklqana
Kikubaaqudgha
Makhleb
Nemelex Xobeh
Okawaru
Qazlal
Ru
Sif Muna
Trog
Uskayaw
Vehumet
Wu Jian
Xom
Yredelemnul
Zin
The Shining One

Shops:
D:8 }

Annotations:
D:12 3 runed translucent doors, scorp85's ghost, journeyman TrMo


Innate Abilities, Weirdness & Mutations

Your experience applies equally to all skills.
You have very sharp teeth.
Your uncanny sense of smell can sniff out nearby items.


Message History

Unknown command.
You feel much better.
You strike the helpless ufetubus from behind!
You hit the ufetubus!
You envenom the ufetubus!
You kill the ufetubus!
Sif Muna accepts your kill.
* * * LOW HITPOINT WARNING * * *
Casting: Ignite Poison (safe; 1% risk of failure)
Confirm with . or Enter, or press ? or * to list all spells.
A beastly little devil appears in a puff of flame.
* * * LOW HITPOINT WARNING * * *
The ufetubus misses your crimson imp. x2
Casting: Call Imp (safe; 1% risk of failure)
Confirm with . or Enter, or press ? or * to list all spells.
You blink.
An ice statue comes into view.
The ufetubus closely misses your crimson imp. x2
The ice statue gestures at you. The freezing blast engulfs you!
You die...

##..# ##≈°## #4.##
###..# ###8#°5..#
###.....5....
####............#
#................#
#@.........##
##..........
#...... ####.. #


You could see an ice statue, an ice devil (wandering, poisoned), an ufetubus
(confused) and a friendly crimson imp (summoned).

Vanquished Creatures
  Snorg (D:13)
  Harold (D:10)
  A hydra (D:12)
  2 two-headed ogres (D:11)
  An unseen horror (D:12)
  3 deep elf magi (D:12)
  A cyclops (D:12)
  Maurice (D:11)
  3 spiny frogs
  3 trolls
  A hornet (D:11)
  A hippogriff (D:7)
  A spriggan (D:7)
  11 yaks
  Menkaure (D:6)
  A water moccasin (Lair:1)
  2 porcupines
  5 orc warriors
  6 ice beasts
  A necrophage (D:11)
  3 sky beasts
  A phantom (D:12)
  A swamp drake (D:11)
  An eye of draining (D:11)
  4 crocodiles
  2 centaurs
  4 bullfrogs
  A big kobold (D:9)
  A wyvern skeleton (D:12)
  4 wights (D:11)
  A howler monkey (D:8)
  A vampire bat (Lair:1)
  A bullfrog zombie (D:12)
  A quasit (D:9)
  A crimson imp (D:8)
  5 orc priests
  5 hounds
  A jelly (D:10)
  7 orc wizards
  A bullfrog skeleton (D:9)
  3 iguanas
  4 worker ants
  A howler monkey zombie (D:10)
  3 gnolls (D:2)
  A worker ant zombie (D:9)
  6 adders
  2 shadow imps
  3 white imps (IceCv)
  5 ufetubi (IceCv)
  2 oozes
  An adder zombie (D:5)
  An adder skeleton (D:4)
  A worm (D:3)
  A dart slug (D:2)
  4 leopard geckos
  22 orcs
  16 bats
  4 giant cockroaches
  8 goblins
  7 hobgoblins
  2 jackals (D:3)
  8 kobolds
  3 quokkas
  A ball python (D:5)
  2 frilled lizards (D:5)
  8 rats
212 creatures vanquished.

Vanquished Creatures (collateral kills)
  A two-headed ogre (D:11)
  An ugly thing (D:11)
  A centaur zombie (D:12)
  2 trolls
  Grinder (D:4)
  A hippogriff (Lair:1)
  6 yaks
  2 basilisks
  2 water moccasins
  3 porcupines
  4 orc warriors
  An ice beast (D:10)
  2 phantoms
  An eye of draining (D:11)
  A centaur (D:9)
  3 crocodiles (D:8)
  4 bullfrogs
  Blork the orc (D:6)
  A wyvern zombie (D:6)
  A water moccasin zombie (D:5)
  2 scorpions
  2 vampire bats (Lair:1)
  2 howler monkeys
  6 jellies
  2 bullfrog skeletons (D:5)
  2 quasits
  2 centaur skeletons
  2 orc priests
  5 orc wizards
  3 iguanas
  2 worker ants
  A killer bee zombie (D:7)
  A hound zombie (D:11)
  A howler monkey skeleton (D:10)
  A gnoll (D:2)
  An adder (D:3)
  A shadow imp (D:5)
  2 worms
  2 dart slugs
  A leopard gecko (D:5)
  32 orcs
  A goblin (D:3)
  A hobgoblin (D:3)
  4 jackals (D:3)
  2 kobolds
  4 quokkas
  A ball python (D:5)
  2 bats
  A jackal skeleton (D:8)
  A leopard gecko zombie (D:6)
  A rat (D:3)
130 creatures vanquished.

Vanquished Creatures (others)
  A white imp (IceCv)
  An ufetubus (IceCv)
2 creatures vanquished.

Grand Total: 344 creatures vanquished

Notes
Turn   | Place    | Note
-------+----------+-------------------------------------------
     0 | D:1      | Glundar the Gnoll Wizard began the quest for the Orb.
     0 | D:1      | Reached XP level 1. HP: 13/13 MP: 8/8
   130 | D:1      | Reached XP level 2. HP: 19/19 MP: 7/10
   617 | D:1      | Reached XP level 3. HP: 25/25 MP: 11/11
  1222 | D:2      | Learned a level 2 spell: Blink
  1225 | D:2      | Learned a level 2 spell: Call Imp
  1402 | D:2      | Found a sparkling altar of Nemelex Xobeh.
  1476 | D:2      | Reached skill level 1 in Invocations
  1632 | D:2      | Reached skill level 1 in Fighting
  1632 | D:2      | Reached skill level 1 in Short Blades
  1632 | D:2      | Reached skill level 1 in Long Blades
  1632 | D:2      | Reached skill level 1 in Axes
  1632 | D:2      | Reached skill level 1 in Maces & Flails
  1632 | D:2      | Reached skill level 1 in Polearms
  1632 | D:2      | Reached skill level 1 in Staves
  1632 | D:2      | Reached skill level 1 in Slings
  1632 | D:2      | Reached skill level 1 in Bows
  1632 | D:2      | Reached skill level 1 in Crossbows
  1632 | D:2      | Reached skill level 1 in Throwing
  1632 | D:2      | Reached skill level 1 in Armour
  1632 | D:2      | Reached skill level 1 in Shields
  1632 | D:2      | Reached skill level 1 in Unarmed Combat
  1632 | D:2      | Reached skill level 1 in Evocations
  1640 | D:2      | Reached XP level 4. HP: 11/32 MP: 7/13
  1792 | D:2      | Found a snail-covered altar of Cheibriados.
  2146 | D:2      | Reached skill level 1 in Hexes
  2146 | D:2      | Reached skill level 1 in Charms
  2146 | D:2      | Reached skill level 1 in Necromancy
  2146 | D:2      | Reached skill level 1 in Transmutations
  2146 | D:2      | Reached skill level 1 in Fire Magic
  2146 | D:2      | Reached skill level 1 in Ice Magic
  2146 | D:2      | Reached skill level 1 in Air Magic
  2146 | D:2      | Reached skill level 1 in Earth Magic
  2146 | D:2      | Reached skill level 1 in Poison Magic
  2703 | D:3      | Reached XP level 5. HP: 37/37 MP: 10/14
  2707 | D:3      | Learned a level 2 spell: Slow
  3103 | D:3      | Found a sacrificial altar of Ru.
  3435 | D:3      | Found a basalt altar of Yredelemnul.
  3671 | D:3      | Found a shimmering blue altar of Sif Muna.
  3676 | D:3      | Became a worshipper of Sif Muna the Loreminder
  4025 | D:4      | Found a shadowy altar of Dithmenos.
  4196 | D:4      | Noticed Grinder
  4196 | D:4      | Paralysed by Grinder for 5 turns
  4219 | D:4      | Paralysed by Grinder for 4 turns
  4226 | D:4      | Paralysed by Grinder for 6 turns
  4235 | D:4      | HP: 1/37 [Grinder (7)]
  4238 | D:4      | Killed Grinder
  4238 | D:4      | Reached XP level 6. HP: 32/44 MP: 11/16
  4833 | D:5      | Entered Level 5 of the Dungeon
  4935 | D:5      | Reached skill level 5 in Dodging
  5033 | D:5      | Reached XP level 7. HP: 50/50 MP: 18/18
  5035 | D:5      | Found a shimmering altar of Xom.
  5678 | D:5      | Found a staircase to the Ecumenical Temple.
  5705 | Temple   | Entered the Ecumenical Temple
  5911 | D:5      | Found a white marble altar of Elyvilon.
  5975 | D:5      | Learned a level 3 spell: Mephitic Cloud
  5977 | D:5      | Learned a level 1 spell: Corona
  6224 | D:6      | Reached * piety under Sif Muna
  6471 | D:6      | Reached skill level 5 in Stealth
  6662 | D:6      | Noticed Menkaure
  6687 | D:6      | Killed Menkaure
  6817 | D:6      | Noticed Blork the orc
  6826 | D:6      | Killed Blork the orc
  6826 | D:6      | Reached XP level 8. HP: 57/57 MP: 15/19
  6910 | D:6      | Found a stormy altar of Qazlal.
  7486 | D:7      | Noticed a hippogriff
  7497 | D:7      | Killed a hippogriff
  8063 | D:7      | Learned a level 3 spell: Portal Projectile
  8093 | D:7      | Reached skill level 8 in Spellcasting
  8276 | D:7      | Noticed a spriggan baker
  8304 | D:7      | Killed a spriggan baker
  8600 | D:8      | Found a staircase to the Lair.
  8600 | D:8      | Noticed a yak
  8600 | D:8      | Noticed a yak
  8601 | D:8      | Noticed a yak
  8601 | D:8      | Noticed a yak
  9048 | D:7      | Killed a yak
  9048 | D:7      | Reached XP level 9. HP: 29/65 MP: 21/21
 10190 | D:8      | Reached ** piety under Sif Muna
 10745 | D:8      | Found Lemat's Gadget Boutique.
 11068 | D:9      | Reached skill level 5 in Invocations
 11749 | D:9      | Found a hide-covered altar of Uskayaw.
 12257 | D:9      | Learned a level 2 spell: Poisonous Vapours
 12261 | D:9      | Learned a level 3 spell: Ignite Poison
 12263 | D:9      | Learned a level 1 spell: Sting
 12268 | D:9      | Learned a level 4 spell: Olgreb's Toxic Radiance
 12303 | D:10     | Entered Level 10 of the Dungeon
 12726 | D:10     | Noticed a troll
 12765 | D:10     | Killed a troll
 12765 | D:10     | Reached XP level 10. HP: 73/73 MP: 16/22
 13519 | D:10     | Reached skill level 5 in Fighting
 13519 | D:10     | Reached skill level 5 in Short Blades
 13519 | D:10     | Reached skill level 5 in Long Blades
 13519 | D:10     | Reached skill level 5 in Axes
 13519 | D:10     | Reached skill level 5 in Maces & Flails
 13519 | D:10     | Reached skill level 5 in Polearms
 13519 | D:10     | Reached skill level 5 in Staves
 13519 | D:10     | Reached skill level 5 in Slings
 13519 | D:10     | Reached skill level 5 in Bows
 13519 | D:10     | Reached skill level 5 in Crossbows
 13519 | D:10     | Reached skill level 5 in Throwing
 13519 | D:10     | Reached skill level 5 in Armour
 13519 | D:10     | Reached skill level 5 in Shields
 13519 | D:10     | Reached skill level 5 in Unarmed Combat
 13519 | D:10     | Reached skill level 5 in Evocations
 13802 | D:10     | Reached *** piety under Sif Muna
 14322 | D:11     | Noticed a two-headed ogre
 14326 | D:11     | Reached skill level 9 in Spellcasting
 14793 | D:11     | Reached skill level 5 in Conjurations
 14793 | D:11     | Reached skill level 5 in Summonings
 14793 | D:11     | Reached skill level 5 in Translocations
 14833 | D:11     | Noticed a two-headed ogre
 14839 | D:11     | Noticed Harold
 15192 | D:10     | Killed Harold
 16353 | D:11     | Reached XP level 11. HP: 81/81 MP: 23/24
 16399 | D:10     | Learned a level 4 spell: Cause Fear
 16738 | D:11     | Killed a two-headed ogre
 16825 | D:11     | Killed a two-headed ogre
 17074 | D:11     | Noticed Maurice
 17074 | D:11     | Noticed a purple ugly thing
 17120 | D:11     | Reached skill level 5 in Hexes
 17120 | D:11     | Reached skill level 5 in Charms
 17120 | D:11     | Reached skill level 5 in Necromancy
 17120 | D:11     | Reached skill level 5 in Transmutations
 17120 | D:11     | Reached skill level 5 in Fire Magic
 17120 | D:11     | Reached skill level 5 in Ice Magic
 17120 | D:11     | Reached skill level 5 in Air Magic
 17120 | D:11     | Reached skill level 5 in Earth Magic
 17120 | D:11     | Reached skill level 5 in Poison Magic
 17236 | D:11     | Noticed a two-headed ogre
 17259 | D:11     | Killed a two-headed ogre
 17373 | D:11     | Killed Maurice
 18019 | D:11     | Killed a purple ugly thing
 18409 | D:11     | Found a staircase to the Orcish Mines.
 18511 | D:12     | Noticed a cyclops
 18526 | D:12     | Killed a cyclops
 18604 | D:12     | Noticed a deep elf mage
 18721 | D:12     | Reached **** piety under Sif Muna
 18737 | D:12     | Noticed a deep elf mage
 18932 | D:12     | Noticed a deep elf mage
 18939 | D:12     | Killed a deep elf mage
 19046 | D:12     | Noticed a five-headed hydra
 19365 | D:11     | Upgraded the game from 0.25-a0-1133-g93ebf739aa to
                  | 0.25-a0-1136-gc1285e62ab
 19397 | D:12     | Killed a deep elf mage
 19406 | D:12     | Killed a deep elf mage
 21913 | D:12     | Noticed a manticore
 21920 | D:12     | Found a runed translucent gate.
 21930 | D:12     | Found a runed translucent gate.
 21931 | D:12     | Found a runed translucent gate.
 21931 | D:12     | Noticed an ettin
 21932 | D:12     | Noticed a sphinx
 21988 | D:12     | Reached XP level 12. HP: 89/89 MP: 25/25
 22069 | D:12     | Noticed scorp85's ghost (journeyman TrMo)
 22676 | D:12     | Killed a five-headed hydra
 23179 | D:13     | Noticed Snorg
 23254 | D:13     | Killed Snorg
 23254 | D:13     | Reached skill level 10 in Spellcasting
 23444 | D:13     | Noticed a six-headed hydra
 23664 | D:13     | Noticed a four-headed hydra
 23668 | D:13     | Noticed a death knight
 23785 | Lair:1   | Entered Level 1 of the Lair of Beasts
 26123 | Lair:2   | Found a frozen archway.
 26133 | IceCv    | Entered an ice cave
 26219 | IceCv    | Killed from afar by an ice statue

Illustrated notes

Levels and vault maps discovered:
D:1:      dpeg_arrival_arbitrary_a, layout_loops_ring
D:2:      layout_basic, lemuel_crystal_altar, lemuel_crystal_altar
D:3:      layout_loops_corners, grunt_temple_overflow_open,
          nicolae_overflow_hidden_temple, first_ration, grunt_decor_cap,
          st_stairs_13
D:4:      layout_basic, grunt_dithmenos_smoke, uniq_grinder
D:5:      layout_loops_ring, xom_confusion_cloud, temple_fountains,
          elyvilon_altar_3
D:6:      layout_cave_pods, nicolae_qazlal_eye_of_the_storm, uniq_blork_the_orc,
          uniq_menkaure
D:7:      layout_loops_cross, kennysheep_nub, palyth_stone_intersect, the_bakery
D:8:      layout_cave_pools, minmay_lair_entry_grove, serial_shops,
          nicolae_shop_crystal
D:9:      layout_layer_cave, lemuel_crystal_altar
D:10:     layout_layer_cave
D:11:     layout_loops_ring, erik_orc_1, uniq_maurice, uniq_harold
D:12:     layout_long_grid, gammafunk_ghost_split, kennysheep_small_circle
D:13:     layout_long_grid, chequers_serial_rivers_small_b, uniq_nessos,
          uniq_snorg
Temple:   zaba_magenta_temple
Lair:1:   layout_chaotic_city, gauntlet_entry_generic, roderic_batcave,
          serial_bayou_pond_c, minivault_23, lemuel_fruit_fields,
          lemuel_fruit_fields, infiniplex_staircase_pool
Lair:2:   layout_chaotic_city, portal_ice_cave_entry_pillars_2, st_stairs_9,
          eino_small_chamber_without_monster, minmay_stone_trees_medium,
          minmay_shattered_shrine, minmay_lair_oklob_chamber,
          lemuel_fruit_fields, serial_bayou_shore_b, lemuel_fruit_fields,
          uniq_erica, uniq_nergalle
IceCv:    ice_cave_small_demon

Skill      XL: |  1  2  3  4  5  6  7  8  9 10 11 12 |
---------------+-------------------------------------+-----
Conjurations   | 2 3 4 5 6 |  6.3
Summonings     | 2 3 4 5 6 |  6.3
Translocations | 2 3 4 5 6 |  6.3
Invocations    | 1 2 3 4 5 6 7 |  7.8
Fighting       | 1 2 3 4 5 6 7 |  7.1
Short Blades   | 1 2 3 4 5 6 7 |  7.1
Long Blades    | 1 2 3 4 5 6 7 |  7.1
Axes           | 1 2 3 4 5 6 7 |  7.1
Maces & Flails | 1 2 3 4 5 6 7 |  7.1
Polearms       | 1 2 3 4 5 6 7 |  7.1
Staves         | 1 2 3 4 5 6 7 |  7.1
Slings         | 1 2 3 4 5 6 7 |  7.1
Bows           | 1 2 3 4 5 6 7 |  7.1
Crossbows      | 1 2 3 4 5 6 7 |  7.1
Throwing       | 1 2 3 4 5 6 7 |  7.1
Armour         | 1 2 3 4 5 6 7 |  7.1
Shields        | 1 2 3 4 5 6 7 |  7.1
Unarmed Combat | 1 2 3 4 5 6 7 |  7.1
Evocations     | 1 2 3 4 5 6 7 |  7.1
Hexes          | 1 2 3 4 5 |  5.9
Charms         | 1 2 3 4 5 |  5.9
Necromancy     | 1 2 3 4 5 |  5.9
Transmutations | 1 2 3 4 5 |  5.9
Fire Magic     | 1 2 3 4 5 |  5.9
Ice Magic      | 1 2 3 4 5 |  5.9
Air Magic      | 1 2 3 4 5 |  5.9
Earth Magic    | 1 2 3 4 5 |  5.9
Poison Magic   | 1 2 3 4 5 |  5.9
Dodging        | 5 6 7 8 |  8.5
Stealth        | 5 6 7 8 |  8.3
Spellcasting   | 8 9 10 | 10.1

Action                   |  1- 3 |  4- 6 |  7- 9 | 10-12 || total
-------------------------+-------+-------+-------+-------++-------
Melee: Dagger            |    22 |    64 |   120 |       ||   206
       Bite              |       |    13 |    13 |    37 ||    63
       Trident           |       |    26 |       |       ||    26
       Punch             |       |       |     4 |    11 ||    15
       Staff             |       |       |    54 |   263 ||   317
 Fire: Hunting sling     |       |     4 |    84 |    37 ||   125
 Cast: Magic Dart        |    48 |    37 |    28 |   124 ||   237
       Call Imp          |     9 |    46 |   254 |   330 ||   639
       Blink             |     3 |       |     3 |    27 ||    33
       Mephitic Cloud    |       |       |    29 |   166 ||   195
       Slow              |       |       |     3 |     4 ||     7
       Corona            |       |       |     3 |       ||     3
       Portal Projectile |       |       |     5 |     5 ||    10
       Poisonous Vapours |       |       |     3 |       ||     3
       Ignite Poison     |       |       |     2 |    44 ||    46
       Olgreb's Toxic Ra |       |       |       |    10 ||    10
Evoke: Wand              |       |       |       |    14 ||    14
  Use: Potion            |       |     3 |       |     4 ||     7
       Scroll            |       |       |    17 |     9 ||    26
 Stab: Sleeping          |     3 |     3 |     3 |       ||     9
       Distracted        |       |     1 |     5 |     4 ||    10
       Confused          |       |       |       |    19 ||    19
       Invisible         |       |       |       |     2 ||     2
  Eat: Chunk             |     1 |     8 |    13 |    10 ||    32
       Ration            |       |     1 |     3 |    10 ||    14
Armor: Robe              |    11 |    21 |    38 |    46 ||   116
       Troll leather arm |       |       |       |    11 ||    11
Dodge: Dodged            |    29 |    77 |   154 |   267 ||   527
Block: Other             |       |       |    12 |    59 ||    71
       Reflection        |       |       |       |     2 ||     2

Table legend:
 A = Non-vault XP
 B = Vault XP
 C = Vault XP percentage of total XP
 D = Non-vault monster count
 E = Vault monster count
 F = Vault count percentage of total count
                 A         B        C        D         E       F
            +---------+---------+-------+---------+---------+-------
      Total |   18924 |    4899 |  20.6 |     277 |      65 |  19.0
            +---------+---------+-------+---------+---------+-------
        D:1 |      40 |       0 |   0.0 |      24 |       0 |   0.0
        D:2 |     101 |       0 |   0.0 |      20 |       0 |   0.0
        D:3 |      90 |       4 |   4.3 |      31 |       2 |   6.1
        D:4 |       8 |     182 |  95.8 |       2 |       1 |  33.3
        D:5 |     320 |     158 |  33.1 |      18 |       7 |  28.0
        D:6 |     168 |     248 |  59.6 |      12 |       3 |  20.0
        D:7 |     910 |     813 |  47.2 |      21 |       6 |  22.2
        D:8 |    1460 |     538 |  26.9 |      20 |       6 |  23.1
        D:9 |     348 |       0 |   0.0 |      18 |       0 |   0.0
       D:10 |    2302 |     893 |  27.9 |      22 |       2 |   8.3
       D:11 |    5201 |     807 |  13.4 |      37 |      17 |  31.5
       D:12 |    6475 |      33 |   0.5 |      33 |       1 |   2.9
       D:13 |     184 |     837 |  82.0 |      10 |       1 |   9.1
     Lair:1 |    1317 |     321 |  19.6 |       9 |      11 |  55.0
      IceCv |       0 |      65 | 100.0 |       0 |       8 | 100.0
            +---------+---------+-------+---------+---------+-------
